 Dungeon Crawl Stone Soup version 0.27.1-1-g398f81649c (webtiles) character file.

Game seed: 17126189710396983424

2019 nxtlvl the Zephyrmancer (level 9, -3/62 HPs)
             Began as a Pale Draconian Air Elementalist on Sept 6, 2021.
             Was an Initiate of Vehumet.
             Slain by a gnoll sergeant (11 damage)
             ... on level 8 of the Dungeon.
             The game lasted 00:39:10 (2731 turns).

nxtlvl the Zephyrmancer (DrAE)                      Turns: 2731, Time: 00:39:10

Health: -3/62      AC:  7    Str: 11    XL:     9   Next: 3%
Magic:  4/17       EV: 11    Int: 19    God:    Vehumet [......]
Gold:   233        SH:  3    Dex: 11    Spells: 9/19 levels left

rFire    . . .     SeeInvis .   a - +3 dagger (venom)
rCold    . . .     Faith    .   g - +0 buckler
rNeg     . . .     Spirit   .   (armour unavailable)
rPois    .         Reflect  .   (helmet restricted)
rElec    .         Harm     .   (no cloak)
rCorr    .         Rampage  .   (no gloves)
Will     .....                  (no boots)
Stlth    ++........             (no amulet)
HPRegen  0.20/turn              (no ring)
MPRegen  0.15/turn              (no ring)

@: slowed, very slow
A: breathe steam, AC +7, unfitting armour, cold-blooded, steam resistance
a: Breathe Steam, Renounce Religion


You were on level 8 of the Dungeon.
You worshipped Vehumet.
Vehumet was noncommittal.
You visited 2 branches of the dungeon, and saw 9 of its levels.

You collected 233 gold pieces.

Inventory:

Hand Weapons
 a - a +3 dagger of venom (weapon)
Missiles
 e - 5 poisoned darts
 l - 2 throwing nets
Armour
 g - a +0 buckler (worn)
Wands
 j - a wand of acid (8)
Scrolls
 b - 2 scrolls of enchant weapon
 c - a scroll of magic mapping
 h - a scroll of immolation {unknown}
 i - a scroll of teleportation {unknown}
 m - a scroll of fog {unknown}
Potions
 d - a potion of attraction {unknown}
 f - a potion of magic
 k - 3 potions of ambrosia


   Skills:
 - Level 1.7 Dodging
 - Level 1.7 Stealth
 + Level 5.9 Spellcasting
 - Level 5.0 Conjurations
 * Level 10.1 Air Magic


You had 9 spell levels left.
You knew the following spells:

 Your Spells              Type           Power      Damage    Failure   Level
a - Swiftness             Air            44%        N/A       1%          3
c - Airstrike             Air            22%        N/A       3%          4
x - Static Discharge      Conj/Air       34%        N/A       1%          2
z - Shock                 Conj/Air       100%       1d9       1%          1

Your spell library contained the following spells:

 Spells                   Type           Power      Damage    Failure   Level


Dungeon Overview and Level Annotations

Branches:
Dungeon (8/15)             Temple (1/1) D:7
   Lair: D:8-11

Altars:
Cheibriados
Dithmenos
Fedhas
Gozag
Hepliaklqana
Kikubaaqudgha
Makhleb
Nemelex Xobeh
Okawaru
Qazlal
Ru
Sif Muna
Trog
Uskayaw
Vehumet
Wu Jian
Yredelemnul
Zin
The Shining One

Shops:
D:7 *


Innate Abilities, Weirdness & Mutations

You can breathe blasts of scalding, opaque steam.
Your pale cyan-grey scales are hard. (AC +7)
You cannot fit into any form of body armour.
You are cold-blooded and may be slowed by cold attacks.
You are immune to the effects of steam.


Message History

The gnoll is severely wounded.
The gnoll sergeant hits you with a +0 spear of freezing!
You feel yourself slow down. The gnoll sergeant freezes you.
* * * LOW HITPOINT WARNING * * *
Okay, then.
Okay, then.
Casting: Shock (safe; 1% risk of failure)
Confirm with . or Enter, or press ? or * to list all spells.
Aiming: Airstrike (dangerous; 3% risk of failure)
Press: ? - help, Dir - move target, f - gnoll sergeant, p - gnoll
Aim: a gnoll sergeant, wielding a +0 spear of freezing and wearing a +0 scale mail (lightly wounded)
The air twists around and strikes the gnoll sergeant!
The gnoll sergeant is heavily wounded.
The gnoll sergeant hits you with a +0 spear of freezing.
* * * LOW HITPOINT WARNING * * *
You feel as though you will be slow longer.
The gnoll sergeant freezes you.
* * * LOW HITPOINT WARNING * * *
The gnoll sergeant hits you with a +0 spear of freezing.
* * * LOW HITPOINT WARNING * * *
The gnoll sergeant freezes you.
* * * LOW HITPOINT WARNING * * *
Unknown command.
Aiming: Corrosive Bolt
Press: ? - help, Shift-Dir - straight line, f - gnoll, p - gnoll sergeant
Aim: a gnoll, wielding a +0 halberd (heavily wounded, 75% to hit)
The bolt of acid hits the gnoll sergeant.
The gnoll sergeant is splashed with acid.
The acid corrodes the gnoll sergeant!
The gnoll sergeant is almost dead.
The bolt of acid hits the gnoll.
The gnoll is splashed with acid.
The acid corrodes the gnoll!
You kill the gnoll!
Vehumet accepts your kill.
The bolt of acid hits the gnoll!
The gnoll is splashed with acid!
You kill the gnoll!
Vehumet accepts your kill.
You hear an angry buzzing noise.
The gnoll sergeant hits you with a +0 spear of freezing!
You die...

#.# #.# #.# #.#
#.# # #.# ..##.
#.#
......##.#########
.......@.).......#
.....>g#.#######.#
..#.##.#.# #.# #
#)#.# #.# #)#.#
#.# #.#.# #.#
#.#.# #<# #.#.#
### #.#


You could see a gnoll sergeant (corroded).

Vanquished Creatures
  A wraith (D:6)
  2 ice beasts
  A sky beast (D:6)
  A black bear (D:5)
  An ogre (D:4)
  2 centaurs
  A phantom (D:5)
  Blork the orc (D:4)
  A bullfrog (D:6)
  A wyvern zombie (D:7)
  A wyvern skeleton (D:6)
  A water moccasin zombie (D:6)
  5 wights (D:6)
  3 orc priests
  A jelly (D:6)
  3 hounds
  5 orc wizards
  A gnoll shaman (D:6)
  A scorpion zombie (D:5)
  Natasha (D:4)
  2 iguanas
  10 gnolls
  4 adders
  A white imp (D:7)
  A dart slug (D:1)
  16 orcs
  9 ball pythons
  3 endoplasms
  3 goblins
  6 hobgoblins
  3 jackals (D:2)
  2 kobolds
  2 quokkas
  3 bats
  3 frilled lizards
  A rat (D:2)
103 creatures vanquished.

Vanquished Creatures (collateral kills)
  An ice beast (D:5)
  An orc (D:5)
2 creatures vanquished.

Vanquished Creatures (others)
  23 plants (D:5)
23 creatures vanquished.

Grand Total: 128 creatures vanquished

Notes
Turn   | Place    | Note
-------+----------+-------------------------------------------
     0 | D:1      | nxtlvl the Draconian Air Elementalist began the quest for
                  | the Orb.
     0 | D:1      | Reached XP level 1. HP: 14/14 MP: 3/3
   135 | D:1      | Reached XP level 2. HP: 7/20 MP: 1/5
   148 | D:1      | Learned a level 2 spell: Static Discharge
   499 | D:2      | Reached XP level 3. HP: 21/26 MP: 4/6
   654 | D:4      | Noticed an ogre
   666 | D:4      | Killed an ogre
   667 | D:4      | Reached skill level 4 in Air Magic
   667 | D:4      | Reached XP level 4. HP: 30/33 MP: 1/8
   667 | D:4      | Reached XP level 5. HP: 35/38 MP: 1/9
   703 | D:5      | Entered Level 5 of the Dungeon
   766 | D:4      | Noticed Natasha
   796 | D:5      | Noticed an ice beast
   866 | D:5      | Noticed a phantom
   971 | D:5      | Killed an ice beast
   993 | D:5      | Reached XP level 6. HP: 25/45 MP: 10/10
  1005 | D:5      | Reached skill level 5 in Air Magic
  1112 | D:5      | Learned a level 3 spell: Swiftness
  1117 | D:5      | Learned a level 4 spell: Airstrike
  1211 | D:4      | Found a hide-covered altar of Uskayaw.
  1230 | D:4      | Killed Natasha
  1362 | D:4      | Noticed Blork the orc
  1378 | D:4      | Killed Blork the orc
  1379 | D:4      | Your scales start taking on a pale cyan-grey colour.
  1379 | D:4      | Reached skill level 6 in Air Magic
  1379 | D:4      | Reached XP level 7. HP: 7/50 MP: 4/12
  1379 | D:4      | Gained mutation: You are immune to the effects of steam.
                  | [Pale Draconian growth]
  1677 | D:6      | Reached skill level 5 in Conjurations
  1772 | D:5      | Reached skill level 7 in Air Magic
  1978 | D:6      | Reached XP level 8. HP: 57/57 MP: 9/14
  2007 | D:6      | Reached skill level 8 in Air Magic
  2138 | D:6      | Reached skill level 5 in Spellcasting
  2186 | D:6      | Reached skill level 9 in Air Magic
  2208 | D:7      | Found Wughur's Mass Market.
  2461 | D:6      | Noticed an eight-headed hydra
  2486 | D:7      | Found a staircase to the Ecumenical Temple.
  2499 | Temple   | Entered the Ecumenical Temple
  2561 | Temple   | Became a worshipper of Vehumet
  2598 | D:7      | Reached skill level 10 in Air Magic
  2709 | D:8      | Reached XP level 9. HP: 43/62 MP: 12/17
  2731 | D:8      | Slain by a gnoll sergeant

Illustrated notes

Levels and vault maps discovered:
D:1:      dpeg_cavernosity, layout_basic, chequers_ecumenical_altar_simple
D:2:      minmay_general_purpose_star, layout_loops_corners,
          chequers_mini_garden, minmay_fractal_squares_gapless_5
D:3:      layout_basic
D:4:      layout_basic, nicolae_uskayaw_murder_on_the_dancefloor,
          uniq_blork_the_orc, uniq_natasha
D:5:      layout_rooms, tgw_xom, serial_bayou, serial_bayou_lake_a,
          serial_bayou_pond_c, serial_bayou_pond_a, serial_bayou_shore_b,
          uniq_pikel
D:6:      layout_loops_cross, serial_shops, nicolae_shop_statue_plus
D:7:      layout_basic, minmay_temple_entry_large_hall, minmay_shop_mass
D:8:      layout_basic, roderic_roman_lattice, serial_bayou_lagoon_b
Temple:   hc_temple_tempest_star

Skill      XL: |  1  2  3  4  5  6  7  8 |
---------------+-------------------------+-----
Conjurations   | 2 3 4 5 |  5.0
Air Magic      | 4 6 7 10 | 10.1
Spellcasting   | 3 4 5 |  5.9
Dodging        | |  1.7
Stealth        | |  1.7

Action                   |  1- 3 |  4- 6 |  7- 9 || total
-------------------------+-------+-------+-------++-------
Melee: Unarmed           |    17 |       |       ||    17
       Tailslap          |     5 |     4 |     1 ||    10
       Dagger            |    42 |    40 |    40 ||   122
 Cast: Shock             |    30 |    44 |    90 ||   164
       Static Discharge  |     1 |       |       ||     1
       Airstrike         |       |       |    13 ||    13
 Abil: Breathe Steam     |       |       |     1 ||     1
Evoke: Wand              |       |       |     3 ||     3
  Use: Scroll            |       |     3 |     3 ||     6
       Potion            |       |     2 |       ||     2
 Stab: Sleeping          |     1 |     2 |     1 ||     4
Armor: Skin              |    13 |    15 |    32 ||    60
Dodge: Dodged            |    41 |    16 |    35 ||    92
Block: Buckler           |       |     3 |     8 ||    11
